 Dungeon Crawl Stone Soup version 0.32-a0-818-gb728d0252e (webtiles) character file.

Game seed: 5687124558336283463

161 funkygono the Digger (level 5, -1/28 HPs)
             Began as a Gargoyle Earth Elementalist on Mar 24, 2024.
             Was a Follower of Vehumet.
             Slain by an orc wizard
             ... wielding a +0 dagger
              (3 damage)
             ... on level 4 of the Dungeon.
             The game lasted 00:06:09 (3220 turns).

funkygono the Digger (Gargoyle Earth Elementalist)  Turns: 3220, Time: 00:06:09

Health: -1/28      AC:  7    Str: 11    XL:     5   Next: 42%
Magic:  6/9        EV: 11    Int: 18    God:    Vehumet [*.....]
Gold:   188        SH:  0    Dex: 10    Spells: 1/10 levels left

rFire   + . .        j - +1 whip
rCold   x . .        (no shield)
rNeg    + . .        a - +0 robe
rPois   ∞            (no helmet)
rElec   +            (no cloak)
rCorr   .            n - +0 pair of gloves
SInv    .            (no boots)
Will    .....        (no amulet)
Stlth   ++           i - ring of fire
HPRegen 0.24/turn    (no ring)
MPRegen 0.11/turn

%: no passive effects
@: no status effects
A: sickness immunity, AC +4, negative energy resistance 1, electricity
resistance, torment resistance 1, petrification resistance
a: Renounce Religion


You were on level 4 of the Dungeon.
You worshipped Vehumet.
Vehumet was aware of your devotion.
You visited 1 branch of the dungeon, and saw 4 of its levels.

You collected 188 gold pieces.

Inventory:

Hand Weapons
 j - a +1 whip (weapon)
Missiles
 q - a throwing net
Armour
 a - a +0 robe (worn)
 n - a +0 pair of gloves (worn)
Jewellery
 i - a ring of fire (left hand)
Scrolls
 c - a scroll of teleportation
 f - 2 scrolls of identify
Potions
 b - a potion of magic
 g - 2 potions of haste
 h - a potion of curing


   Skills:
 + Level 1.9 Dodging
 + Level 2.3 Stealth
 + Level 0.1 Unarmed Combat
 + Level 3.2 Spellcasting
 * Level 2.3 Conjurations
 + Level 5.3 Earth Magic


You had one spell level left.
You knew the following spells:

 Your Spells              Type           Power      Damage    Failure   Level
a - Sandblast             Erth           44%        2d11      1%          1
b - Stone Arrow           Conj/Erth      32%        3d9       10%         3
c - Magic Dart            Conj           44%        1d5       6%          1
d - Brom's Barrelling Bo  Conj/Erth      16%        2d4       32%         4

Your spell library contained the following spells:

 Spells                   Type           Power      Damage    Failure   Level
 Passwall                 Erth           22%        N/A       5%          3
 Petrify                  Alch/Erth      12%        N/A       45%         4


Dungeon Overview and Level Annotations

Branches:
Dungeon (4/15)
 Temple: D:4-7

Altars:
Dithmenos
Vehumet
Wu Jian


Innate Abilities, Weirdness & Mutations

You are immune to sickness and miasma.
Your stone body is resilient. (AC +4)
You are immune to poison.
You resist negative energy. (rN+)
You are resistant to electric shocks. (rElec)
You are resistant to unholy torment.
You are immune to petrification.


Message History

Confirm with . or Enter, or press ? or * to list all spells.
You can't see any susceptible monsters within range! (Use Z to cast anyway.) Unknown command.
Unknown command.
The orc priest shouts!
An orc comes into view. It is wielding a +0 club.
Casting: Sandblast (safe; 1% risk of failure)
Confirm with . or Enter, or press ? or * to list all spells.
Aiming: Sandblast (safe; 1% risk of failure)
Press: ? - help, Shift-Dir - straight line, f - orc
Aim: an orc, wielding a +0 hand axe (83% to hit)
The blast of sand hits something!
Something hits you but does no damage.
Casting: Sandblast (safe; 1% risk of failure)
Confirm with . or Enter, or press ? or * to list all spells.
Aiming: Sandblast (safe; 1% risk of failure)
Press: ? - help, Shift-Dir - straight line, f/p - orc
Aim: an orc, wielding a +0 hand axe (83% to hit)
The blast of sand hits something!
The orc priest invokes the aid of Beogh against you.
Beogh smites you!
Ouch! That really hurt!
Unknown command.
You miss something. Something hits you but does no damage.
Something hits you but does no damage.
You hear some strange, mumbled words.
You are confused.
The orc priest begins to cast a cantrip, but forgets the words!
The orc priest calls down the wrath of Beogh upon you.
Beogh smites you!
* * * LOW HITPOINT WARNING * * *
The orc attacks as it pursues you! The orc hits you with a +0 hand axe.
* * * LOW HITPOINT WARNING * * *
The orc attacks as it pursues you! The orc hits you but does no damage.
You see here a +0 pair of gloves.
You bump into the rock wall.
The orc misses you.
You completely miss something.
You feel less confused. Something hits you but does no damage.
The orc hits you but does no damage. Something hits you.
You die...

. . ....# #. ....# ### #.#
.... #.# #..# ....###.#
#..### #.#...<#
#.).#####.#.##.#
#.......#.#....#
.##....oo.o[@....###
.............#......########
...##.....>..................
.. #.......###.#############
. ########......# #.##.#.#
#.#..#)# #.##.#.# #....#.#


You could see an orc priest and 2 orcs.

Vanquished Creatures
  An orc wizard (D:4)
  4 gnolls (D:3)
  3 adders
  A dart slug (D:2)
  2 ribbon worms (D:3)
  2 bats
  3 endoplasms
  5 giant cockroaches
  11 hobgoblins
  8 ball pythons
  4 frilled lizards
  6 goblins
  10 kobolds
  7 rats
67 creatures vanquished.

Notes
Turn   | Place    | Note
-------+----------+-------------------------------------------
     0 | D:1      | funkygono the Gargoyle Earth Elementalist began the quest
                  | for the Orb.
     0 | D:1      | Reached XP level 1. HP: 10/10 MP: 3/3
   294 | D:1      | Reached XP level 2. HP: 15/15 MP: 0/5
   524 | D:1      | Reached skill level 4 in Earth Magic
   722 | D:1      | Reached XP level 3. HP: 16/19 MP: 0/6
   734 | D:1      | Learned a level 3 spell: Stone Arrow
  1301 | D:2      | Found a radiant altar of Vehumet.
  1323 | D:2      | Became a worshipper of Vehumet
  1672 | D:2      | Found a faded altar of an unknown god.
  1739 | D:3      | Reached XP level 4. HP: 24/24 MP: 5/8
  2023 | D:3      | Reached skill level 5 in Earth Magic
  2232 | D:3      | Found an ornate altar of the Wu Jian Council.
  2316 | D:3      | Reached * piety under Vehumet
  2316 | D:3      | Offered knowledge of Magic Dart by Vehumet.
  2321 | D:3      | Learned a level 1 spell: Magic Dart
  2472 | D:3      | Found a shadowy altar of Dithmenos.
  2619 | D:3      | Reached XP level 5. HP: 28/28 MP: 6/9
  3024 | D:3      | Learned a level 4 spell: Brom's Barrelling Boulder
  3214 | D:4      | HP: 1/28 [orc priest/divine providence (13)]
  3220 | D:4      | Slain by an orc wizard

Illustrated notes

Levels and vault maps discovered:
D:1:      minmay_arrival_shattered_statue, layout_basic, minmay_misc_feat_room
D:2:      layout_rooms, shapermc_ecumenical_altar_mp_vishouse, basic_altar,
          minmay_octomino_j4
D:3:      layout_loops_ring, marbit_many_paths, nicolae_wu_jian_glorious_leap,
          saegor_snake_ambush
D:4:      layout_basic, kennysheep_okawaru_gauntlet,
          mainiacjoe_overflow_boulevard, minmay_fountain_box,
          minmay_ruined_shrine

Skill      XL: |  1  2  3  4  5 |
---------------+----------------+-----
Earth Magic    | 4 5 |  5.3
Spellcasting   | 3 |  3.2
Conjurations   | 2 |  2.3
Dodging        | |  1.9
Stealth        | |  2.3
Unarmed Combat | |  0.1

Action                     |  1- 3 |  4- 6 || total
---------------------------+-------+-------++-------
  Melee: Unarmed           |     6 |       ||     6
         Club              |    18 |       ||    18
         Whip              |    12 |     9 ||    21
   Cast: Sandblast         |    51 |    40 ||    91
    Use: Scroll            |       |    10 ||    10
 Armour: Robe              |    55 |    15 ||    70
  Dodge: Dodged            |    37 |     5 ||    42

Table legend: (Time is in decaauts)
 A = Elapsed time spent in this place.
 B = Non-inter-level travel time spent in this place.
 C = Inter-level travel time spent in this place.
 D = Time resting spent in this place.
 E = Time spent auto-exploring this place.
 F = Levels seen in this place.
 G = Mean time per level.
                   A        B        C        D        E       F      G
               +--------+--------+--------+--------+--------+-----+--------+
         Total |   3295 |   3037 |    258 |    103 |   2453 |   4 |  823.8 |
       Dungeon |   3295 |   3037 |    258 |    103 |   2453 |   4 |  823.8 |
               +--------+--------+--------+--------+--------+-----+--------+

Top non-repeatable levels by time:
     D:3: 1487 daAuts
     D:1: 1070 daAuts
     D:2: 693 daAuts
     D:4: 44 daAuts
